[Event "Pyramiden Cup 2015"]
[Site "?"]
[Date "2015.09.04"]
[Round "2.1"]
[White "Kunin, Vitaly"]
[Black "Goldsworthy, Patrick"]
[Result "1-0"]
[ECO "D70"]
[WhiteElo "2563"]
[BlackElo "2097"]
[PlyCount "77"]
[EventDate "2015.??.??"]
[TimeControl "6000+855"]
[WhiteClock "0:39:00"]
[BlackClock "0:00:41"]

1. d4 Nf6 2. Nf3 d5 3. c4 c6 4. Nbd2 g6 5. g3 Bg7 6. Bg2 O-O 7. O-O Qb6 8. b3
Bg4 9. Bb2 Nbd7 10. Rc1 Rfd8 11. h3 Bxf3 12. Bxf3 a5 13. Bc3 Nf8 14. e3 Ne6 15.
h4 Bh6 16. Qe2 a4 17. b4 Nc7 18. a3 Qa6 19. Bb2 Nce8 20. b5 cxb5 21. cxd5 Nxd5
22. Rc5 Ndc7 23. Be4 Bf8 24. Rfc1 Qb6 25. h5 f5 26. Bb1 e6 27. hxg6 hxg6 28.
R5c2 Rd7 29. e4 Bg7 30. Nf3 Nd6 31. exf5 exf5 32. Ba2+ Nc4 33. Nd2 Kh7 34. Kg2
Bxd4 35. Nxc4 bxc4 36. Rh1+ Kg7 37. Bxd4+ Qxd4 38. Rd2 Qxd2 39. Qe5+ 1-0

[Event "Pyramiden Cup 2015"]
[Site "?"]
[Date "2015.09.04"]
[Round "2.2"]
[White "Kahlert, Thomas"]
[Black "Krivoborodov, Egor"]
[Result "0-1"]
[ECO "E91"]
[WhiteElo "2178"]
[BlackElo "2518"]
[PlyCount "161"]
[EventDate "2015.??.??"]
[TimeControl "6000+790"]
[WhiteClock "0:07:14"]
[BlackClock "0:13:43"]

1. Nf3 Nf6 2. c4 g6 3. Nc3 Bg7 4. e4 d6 5. d4 O-O 6. Be2 Bg4 7. Be3 Nfd7 8. Ng1
Bxe2 9. Ngxe2 e5 10. O-O Nc6 11. f3 f5 12. exf5 gxf5 13. dxe5 Ndxe5 14. c5 Kh8
15. cxd6 Nc4 16. Bf2 Qxd6 17. Qxd6 cxd6 18. b3 Nb2 19. Rab1 Nd3 20. Rfd1 Nxf2
21. Kxf2 Rad8 22. Nb5 Rf6 23. Rbc1 d5 24. Nbd4 Bf8 25. Rc2 Bd6 26. Rdc1 Nb4 27.
Rc8 Rdf8 28. Ke3 a5 29. a4 Kg8 30. f4 b6 31. Kf3 Bc5 32. Rxf8+ Kxf8 33. Rd1 Kf7
34. h3 h5 35. g4 fxg4+ 36. hxg4 hxg4+ 37. Kxg4 Rg6+ 38. Kf3 Rh6 39. Kg2 Kf6 40.
Rh1 Rxh1 41. Kxh1 Nd3 42. Kg2 Bxd4 43. Nxd4 Nxf4+ 44. Kf3 Nd3 45. Ke3 Nc5 46.
Kf3 Ke5 47. Ke3 Ne6 48. Nc2 Nc5 49. Nd4 Na6 50. Nb5 Nb4 51. Nd4 Kd6 52. Kd2 Nc6
53. Nc2 Kc5 54. Ne3 Ne5 55. Kc2 d4 56. Nf5 Nc6 57. Kb2 Kb4 58. Nd6 Ne5 59. Nc8
Nd7 60. Ne7 Kc5 61. Kc2 Ne5 62. Nf5 Nc6 63. Kb2 Kd5 64. Kc2 Ke5 65. Ng3 Kf4 66.
Nf1 Nb4+ 67. Kd2 Kf3 68. Nh2+ Kg3 69. Nf1+ Kg2 70. Ke1 Nd3+ 71. Ke2 Nc1+ 72.
Ke1 Nxb3 73. Nd2 Nxd2 74. Kxd2 Kf2 75. Kd3 Ke1 76. Kxd4 Kd2 77. Kc4 Kc2 78. Kb5
Kb3 79. Kxb6 Kxa4 80. Kc5 Kb3 81. Kd4 0-1

[Event "Pyramiden Cup 2015"]
[Site "?"]
[Date "2015.09.04"]
[Round "2.3"]
[White "Kveinys, Aloyzas"]
[Black "Sailer, Wolfgang"]
[Result "1-0"]
[ECO "A57"]
[WhiteElo "2485"]
[BlackElo "2127"]
[PlyCount "36"]
[EventDate "2015.??.??"]
[TimeControl "6000+2240"]
[WhiteClock "1:04:18"]
[BlackClock "0:26:28"]

1. d4 Nf6 2. c4 c5 3. d5 b5 4. Nf3 Bb7 5. Qc2 bxc4 6. e4 e6 7. Bxc4 exd5 8.
exd5 Bxd5 9. Bxd5 Nxd5 10. O-O Be7 11. Re1 Nf6 12. Qxc5 Nc6 13. Nc3 O-O 14. Qf5
d5 15. Bg5 Rb8 16. b3 h6 17. Bh4 Ne4 18. Nxd5 Nf6 1-0

[Event "Pyramiden Cup 2015"]
[Site "?"]
[Date "2015.09.04"]
[Round "2.4"]
[White "Hoermann, Gunther"]
[Black "Ikonnikov, Vyacheslav"]
[Result "0-1"]
[ECO "E70"]
[WhiteElo "2092"]
[BlackElo "2518"]
[PlyCount "46"]
[EventDate "2015.??.??"]
[TimeControl "6000+1315"]
[WhiteClock "0:41:06"]
[BlackClock "0:41:58"]

1. d4 Nf6 2. c4 g6 3. Nc3 Bg7 4. e4 O-O 5. Nf3 d6 6. h3 Na6 7. Be3 Qe8 8. g4 c5
9. d5 Nc7 10. Be2 b5 11. cxb5 a6 12. a4 Rb8 13. Nd2 axb5 14. axb5 Bd7 15. g5
Nh5 16. Bxh5 gxh5 17. Qxh5 Nxb5 18. Nxb5 Bxb5 19. Ra2 Ra8 20. Rxa8 Qxa8 21. b3
Qa1+ 22. Qd1 Ra8 23. Nb1 Qb2 0-1

[Event "Pyramiden Cup 2015"]
[Site "?"]
[Date "2015.09.04"]
[Round "2.5"]
[White "Eiber, Manfred"]
[Black "Fedorovsky, Michael"]
[Result "1/2-1/2"]
[ECO "A45"]
[WhiteElo "2154"]
[BlackElo "2451"]
[PlyCount "71"]
[EventDate "2015.??.??"]
[TimeControl "6000+1235"]
[WhiteClock "0:02:19"]
[BlackClock "0:00:59"]

1. d4 Nf6 2. Bg5 Ne4 3. Bf4 d5 4. e3 c5 5. Bd3 cxd4 6. Bxe4 dxe4 7. Qxd4 Qxd4
8. exd4 g6 9. Nd2 Bg7 10. c3 f5 11. f3 O-O 12. fxe4 fxe4 13. Ne2 b6 14. Rf1 Bb7
15. Be3 Nd7 16. Ng3 Nf6 17. Ke2 e5 18. c4 exd4 19. Bxd4 Rad8 20. Bc3 e3 21. Nf3
Ng4 22. Bxg7 Kxg7 23. Rad1 Rxd1 24. Rxd1 Bxf3+ 25. gxf3 Ne5 26. Rd5 Nxc4 27.
Rd7+ Rf7 28. Rxf7+ Kxf7 29. b3 Nd6 30. Kxe3 Ke6 31. Kd4 Nf5+ 32. Ke4 Ne7 33. f4
Nc6 34. f5+ gxf5+ 35. Nxf5 Nb4 36. Nd4+ 1/2-1/2

[Event "Pyramiden Cup 2015"]
[Site "?"]
[Date "2015.09.04"]
[Round "2.6"]
[White "Milov, Leonid"]
[Black "Lodes, Hermann"]
[Result "1-0"]
[ECO "B01"]
[WhiteElo "2471"]
[BlackElo "2129"]
[PlyCount "91"]
[EventDate "2015.??.??"]
[TimeControl "6000+780"]
[WhiteClock "0:21:02"]
[BlackClock "0:14:40"]

1. e4 d5 2. exd5 Qxd5 3. Nc3 Qa5 4. d4 Nf6 5. Nf3 c6 6. Bd2 Bg4 7. h3 Bxf3 8.
Qxf3 Qd8 9. O-O-O e6 10. g4 Bb4 11. Bc4 O-O 12. g5 Nd5 13. h4 Nxc3 14. Bxc3
Bxc3 15. Qxc3 Nd7 16. f4 Nb6 17. Bb3 Nd5 18. Qf3 Ne7 19. h5 Qd6 20. c4 Nf5 21.
Bc2 Rad8 22. Rh2 Qb4 23. Bxf5 exf5 24. Qd3 Rfe8 25. a3 Qa4 26. h6 g6 27. Qc3 b5
28. d5 Qxc4 29. Qxc4 bxc4 30. dxc6 Rxd1+ 31. Kxd1 Rc8 32. Rd2 Kf8 33. Rd6 a6
34. Kc2 Ke7 35. Rf6 Rb8 36. c7 Rc8 37. Rc6 Kd7 38. Rxc4 Rxc7 39. Rxc7+ Kxc7 40.
b4 Kd6 41. a4 Kd5 42. Kd3 Ke6 43. Kd4 Kd6 44. b5 axb5 45. axb5 Kc7 46. Kc5 1-0

[Event "Pyramiden Cup 2015"]
[Site "?"]
[Date "2015.09.04"]
[Round "2.7"]
[White "Middelhoff, Cornelius"]
[Black "Moehn, Hans"]
[Result "1/2-1/2"]
[ECO "A40"]
[WhiteElo "2114"]
[BlackElo "2389"]
[PlyCount "152"]
[EventDate "2015.??.??"]
[TimeControl "6000+1365"]
[WhiteClock "0:01:36"]
[BlackClock "0:01:15"]

1. d4 Nf6 2. c4 e6 3. g3 Bb4+ 4. Bd2 c5 5. Bxb4 cxb4 6. Bg2 O-O 7. Nd2 d6 8.
Ngf3 Nc6 9. O-O e5 10. d5 Nb8 11. e4 Bg4 12. Qb3 a5 13. Qe3 Bxf3 14. Qxf3 Nbd7
15. Qe2 Qc7 16. Nf3 Nc5 17. Ne1 Rae8 18. Rc1 g6 19. Nd3 Nxd3 20. Qxd3 Nd7 21.
Qe3 Nc5 22. Bf3 f5 23. exf5 gxf5 24. Bh5 Re7 25. Rce1 f4 26. gxf4 Rxf4 27. Kh1
Ne4 28. Rg1+ Kh8 29. Bf3 Nf6 30. b3 b6 31. Rg3 Qc5 32. Reg1 Qd4 33. Rd1 Qxe3
34. fxe3 Rf5 35. Rdg1 Re8 36. Bg4 Rf2 37. R1g2 Rxg2 38. Rxg2 Ne4 39. Be6 Nc5
40. Rf2 a4 41. bxa4 Ra8 42. Rb2 Rxa4 43. Bf5 e4 44. Kg1 h6 45. Rg2 Ra3 46. Rb2
Nd3 47. Rd2 Nc1 48. Bxe4 Rxa2 49. Rxa2 Nxa2 50. Bc2 Nc1 51. Kf2 b3 52. Bf5 Na2
53. Ke2 Kg7 54. Kd2 Kf6 55. Bh7 Kg5 56. Kd3 Kg4 57. Bg6 Kg5 58. Bh7 Kf6 59. Kd2
Ke5 60. Bg6 Kf6 61. Bh7 Ke7 62. Bg6 Kd7 63. Bd3 Kc7 64. c5 dxc5 65. Bc4 Kd6 66.
Bxb3 Nb4 67. e4 Ke5 68. Ba4 Na6 69. Kd3 Nc7 70. Bc6 Kd6 71. Kc3 Na6 72. Kc4 Nc7
73. Kc3 Ke5 74. Kc4 Kd6 75. Kc3 Ne6 76. e5+ Kxe5 1/2-1/2

[Event "Pyramiden Cup 2015"]
[Site "?"]
[Date "2015.09.04"]
[Round "2.8"]
[White "Troyke, Christian"]
[Black "Hornung, Hans"]
[Result "1-0"]
[ECO "A36"]
[WhiteElo "2344"]
[BlackElo "2106"]
[PlyCount "65"]
[EventDate "2015.??.??"]
[TimeControl "6000+595"]
[WhiteClock "0:27:35"]
[BlackClock "0:12:59"]

1. g3 c5 2. Bg2 Nc6 3. c4 g6 4. Nc3 Bg7 5. h4 Nf6 6. Nh3 d6 7. Nf4 h5 8. a3 O-O
9. Rb1 Bf5 10. d3 Rb8 11. b4 Ng4 12. Bd2 Qc8 13. b5 Nce5 14. O-O Re8 15. Nfd5
Nf6 16. Bg5 Neg4 17. Qa4 Ra8 18. b6 axb6 19. Qb3 Qd8 20. Nxb6 Rb8 21. Nbd5 Nh7
22. Bd2 g5 23. f3 Ne5 24. hxg5 e6 25. Ne3 Bg6 26. f4 Nc6 27. Qb6 Qc8 28. Nb5
Qd7 29. Qc7 Qxc7 30. Nxc7 Rec8 31. Nb5 Rd8 32. Nc2 d5 33. cxd5 1-0

[Event "Pyramiden Cup 2015"]
[Site "?"]
[Date "2015.09.04"]
[Round "2.9"]
[White "Meulner, Klaus"]
[Black "Colpe, Malte"]
[Result "0-1"]
[ECO "A11"]
[WhiteElo "2134"]
[BlackElo "2367"]
[PlyCount "72"]
[EventDate "2015.??.??"]
[TimeControl "6000+825"]
[WhiteClock "0:01:04"]
[BlackClock "0:30:00"]

1. c4 c6 2. Nf3 d5 3. e3 Bg4 4. Qb3 Qc7 5. Ne5 Be6 6. d4 Nd7 7. Nxd7 Qxd7 8.
Nc3 Nf6 9. Bd2 g6 10. cxd5 Nxd5 11. Ne4 Nf6 12. Nxf6+ exf6 13. Bc4 Bxc4 14.
Qxc4 Be7 15. O-O O-O 16. Bb4 Bxb4 17. Qxb4 Rfe8 18. a4 f5 19. a5 f4 20. exf4
Re4 21. Rad1 Rxf4 22. Rfe1 Rd8 23. g3 Rf6 24. Qe7 Rd6 25. a6 b6 26. Rc1 Rxd4
27. Qxd7 R8xd7 28. Re8+ Kg7 29. Rb8 c5 30. Kg2 Re7 31. Rc2 f5 32. Rb7 Rdd7 33.
Rxd7 Rxd7 34. Re2 Kf7 35. h4 Rd1 36. b4 cxb4 0-1

[Event "Pyramiden Cup 2015"]
[Site "?"]
[Date "2015.09.04"]
[Round "3.1"]
[White "Miller, Eduard"]
[Black "Kunin, Vitaly"]
[Result "0-1"]
[ECO "B00"]
[WhiteElo "2245"]
[BlackElo "2563"]
[PlyCount "54"]
[EventDate "2015.??.??"]
[TimeControl "6000+1000"]
[WhiteClock "0:01:05"]
[BlackClock "0:41:35"]

1. e4 d6 2. d4 Nf6 3. f3 d5 4. e5 Nfd7 5. c4 dxc4 6. Bxc4 e6 7. f4 Nb6 8. Bb3
c5 9. Nf3 Nc6 10. Nc3 Nxd4 11. Be3 Nxb3 12. Qxb3 Bd7 13. Rd1 Be7 14. O-O O-O
15. Ne4 Qc7 16. Qc2 Nd5 17. Nfg5 g6 18. Qf2 h6 19. Qh4 Kg7 20. f5 exf5 21. Rxd5
Rh8 22. Qg3 Bc6 23. Rd6 hxg5 24. Bxg5 Bxe4 25. Rxg6+ fxg6 26. Bf6+ Kf8 27. Bxh8
Qc6 0-1

[Event "Pyramiden Cup 2015"]
[Site "?"]
[Date "2015.09.04"]
[Round "3.2"]
[White "Krivoborodov, Egor"]
[Black "Loew, Gerald"]
[Result "1-0"]
[ECO "B35"]
[WhiteElo "2518"]
[BlackElo "2273"]
[PlyCount "145"]
[EventDate "2015.??.??"]
[TimeControl "6000+1635"]
[WhiteClock "0:27:21"]
[BlackClock "0:00:45"]

1. e4 c5 2. Nf3 g6 3. d4 cxd4 4. Nxd4 Bg7 5. Nc3 Nc6 6. Be3 Nf6 7. Bc4 O-O 8.
Bb3 a5 9. f3 d5 10. Bxd5 Nxd5 11. Nxd5 f5 12. Nxc6 bxc6 13. Nb6 Rb8 14. Qxd8
Rxd8 15. Rd1 Rxd1+ 16. Kxd1 fxe4 17. Nxc8 Rxc8 18. b3 exf3 19. gxf3 Rf8 20. Ke2
Rf5 21. a4 Be5 22. Bb6 Bc3 23. Rd1 Re5+ 24. Kf1 Rh5 25. Rd8+ Kf7 26. Rc8 Rxh2
27. Rxc6 Bb4 28. Rc4 h5 29. c3 Bd6 30. Bxa5 Bg3 31. Bb6 h4 32. Rg4 Rc2 33. c4
Rb2 34. a5 Rxb3 35. Ke2 Rb1 36. c5 h3 37. Rxg3 h2 38. Rh3 h1=Q 39. Rxh1 Rxh1
40. a6 Ra1 41. a7 Ke6 42. c6 Kd6 43. c7 Kd7 44. Ke3 Ra4 45. f4 Kc8 46. Kd3 Kb7
47. Kc3 Kc8 48. Kb3 Ra6 49. Kc4 Kb7 50. Kd5 Kc8 51. Kc6 Ra1 52. Bd4 Ra6+ 53.
Kb5 Ra2 54. Kb6 Ra4 55. Bc5 e6 56. Kc6 Ra6+ 57. Bb6 Ra1 58. Kd6 Ra6 59. Ke7 Ra4
60. Kxe6 Ra6 61. Kf7 Kd7 62. Kf8 Ra4 63. Kg7 Ra6 64. Kf7 Kc8 65. Ke7 Ra4 66.
Kd6 Ra6 67. Kc6 Ra1 68. Bd4 Ra6+ 69. Kb5 Ra2 70. Kb6 Ra3 71. Bb2 Ra2 72. Bc3
Ra3 73. Ba5 1-0

[Event "Pyramiden Cup 2015"]
[Site "?"]
[Date "2015.09.04"]
[Round "3.3"]
[White "Promyshlyanskyy, Vitaliy"]
[Black "Kveinys, Aloyzas"]
[Result "1/2-1/2"]
[ECO "B24"]
[WhiteElo "2236"]
[BlackElo "2485"]
[PlyCount "41"]
[EventDate "2015.??.??"]
[TimeControl "6000+1260"]
[WhiteClock "0:59:54"]
[BlackClock "0:39:04"]

1. e4 c5 2. Nc3 Nc6 3. Bb5 Nd4 4. Bc4 e6 5. Nge2 Ne7 6. Nxd4 cxd4 7. Ne2 Nc6 8.
d3 g6 9. Bf4 d5 10. exd5 exd5 11. Bb3 Bg7 12. Qd2 O-O 13. O-O Re8 14. Rfe1 Be6
15. Bh6 Be5 16. Ng3 Bc7 17. Re2 Qf6 18. Bg5 Qg7 19. Bh6 Qf6 20. Bg5 Qg7 21. Bh6
1/2-1/2

[Event "Pyramiden Cup 2015"]
[Site "?"]
[Date "2015.09.04"]
[Round "3.4"]
[White "Ikonnikov, Vyacheslav"]
[Black "Niedermeier, Thomas"]
[Result "1-0"]
[ECO "E92"]
[WhiteElo "2518"]
[BlackElo "2226"]
[PlyCount "81"]
[EventDate "2015.??.??"]
[TimeControl "6000+980"]
[WhiteClock "0:11:46"]
[BlackClock "0:01:09"]

1. d4 Nf6 2. Nf3 g6 3. c4 Bg7 4. Nc3 d6 5. e4 O-O 6. Be2 e5 7. d5 a5 8. h3 Nh5
9. g3 Na6 10. Nh2 Nc5 11. Bxh5 gxh5 12. Be3 f5 13. Bxc5 dxc5 14. Qxh5 fxe4 15.
Nxe4 b5 16. O-O-O Bf5 17. Qe2 bxc4 18. Nf3 Rb8 19. Rhe1 Bh6+ 20. Nfd2 Qxd5 21.
Nc3 Qd3 22. Qxd3 Bxd3 23. Rxe5 Rxf2 24. Rxc5 Bxd2+ 25. Rxd2 Rxd2 26. Kxd2 Rxb2+
27. Ke3 Rg2 28. g4 Rg3+ 29. Kf4 Rxh3 30. Rxa5 Bg6 31. Nd5 Rh2 32. a4 Bf7 33.
Ne3 Rf2+ 34. Kg5 Kf8 35. Rc5 Rf3 36. Nf5 c3 37. a5 Rd3 38. Rxc7 Rd5 39. Kf6 Bg6
40. Rc8+ Be8 41. Ng7 1-0

[Event "Pyramiden Cup 2015"]
[Site "?"]
[Date "2015.09.04"]
[Round "3.5"]
[White "Dorst, Johannes"]
[Black "Milov, Leonid"]
[Result "0-1"]
[ECO "A10"]
[WhiteElo "2223"]
[BlackElo "2471"]
[PlyCount "66"]
[EventDate "2015.??.??"]
[TimeControl "6000+920"]
[WhiteClock "0:13:59"]
[BlackClock "0:17:26"]

1. c4 f5 2. Nc3 Nf6 3. g3 e5 4. Bg2 Bb4 5. Qb3 Na6 6. a3 Be7 7. Qc2 d6 8. b4
O-O 9. d3 c6 10. Nf3 Nc7 11. O-O Qe8 12. Rb1 Qh5 13. c5 Bd7 14. Na4 Rae8 15.
cxd6 Bxd6 16. Nc5 Bc8 17. Qc4+ Kh8 18. d4 e4 19. Ne5 Bxe5 20. dxe5 Ng4 21. h3
Nxe5 22. Qc3 Qxe2 23. Qa1 Rf7 24. Bf4 Nf3+ 25. Kh1 Nd5 26. Rb2 Qc4 27. Bxf3
exf3 28. Qc1 Qxc1 29. Bxc1 f4 30. Kh2 b6 31. Nd3 fxg3+ 32. fxg3 Ba6 33. Rb3 Bc4
0-1

[Event "Pyramiden Cup 2015"]
[Site "?"]
[Date "2015.09.04"]
[Round "3.6"]
[White "Knoblauch, Leonhard"]
[Black "Troyke, Christian"]
[Result "0-1"]
[ECO "B32"]
[WhiteElo "2177"]
[BlackElo "2344"]
[PlyCount "88"]
[EventDate "2015.??.??"]
[TimeControl "6000+530"]
[WhiteClock "0:14:03"]
[BlackClock "0:25:42"]

1. e4 c5 2. Nf3 Nc6 3. d4 cxd4 4. Nxd4 e5 5. Nb5 d6 6. N1c3 a6 7. Na3 b5 8. Nd5
Nce7 9. c4 Nxd5 10. exd5 bxc4 11. Nxc4 Nf6 12. Be2 Be7 13. Be3 Rb8 14. O-O O-O
15. a4 Nd7 16. Bd2 Nc5 17. b4 Ne4 18. Na5 Nxd2 19. Nc6 Nxf1 20. Nxd8 Bxd8 21.
Qxf1 Rxb4 22. Bxa6 Bb6 23. a5 Bd4 24. Rc1 Bf5 25. Bd3 e4 26. Rc4 Rfb8 27. Bc2
g6 28. h3 h5 29. Qe2 Rxc4 30. Qxc4 Bc5 31. Kf1 Rb4 32. Qc3 Bc8 33. g4 hxg4 34.
hxg4 Ba6+ 35. Kg2 Rc4 36. Qd2 Rd4 37. Qc3 Bc4 38. Bb3 Bxb3 39. Qxb3 Rd2 40. a6
Rxf2+ 41. Kh1 e3 42. Qb8+ Kh7 43. a7 e2 44. Qe8 Bxa7 0-1

[Event "Pyramiden Cup 2015"]
[Site "?"]
[Date "2015.09.04"]
[Round "3.8"]
[White "Bunk, Karsten"]
[Black "Ott, Florian"]
[Result "0-1"]
[ECO "A37"]
[WhiteElo "2090"]
[BlackElo "2273"]
[PlyCount "156"]
[EventDate "2015.??.??"]
[TimeControl "6000+725"]
[WhiteClock "0:18:07"]
[BlackClock "0:03:03"]

1. c4 c5 2. g3 Nc6 3. Nc3 g6 4. Bg2 Bg7 5. Nf3 e5 6. O-O Nge7 7. Ne1 d6 8. d3
O-O 9. Nc2 a6 10. Ne3 Nd4 11. Ned5 Nxd5 12. Nxd5 Bg4 13. Re1 Rb8 14. h3 Be6 15.
e3 Nc6 16. Rb1 b5 17. b3 Ne7 18. Kh2 Nxd5 19. Bxd5 Bxd5 20. cxd5 f5 21. f4 Re8
22. e4 Qd7 23. Bb2 Re7 24. fxe5 Bxe5 25. Bxe5 Rxe5 26. Rb2 Rbe8 27. Rbe2 Qf7
28. Qd2 Qf6 29. Rf2 Qe7 30. Qa5 Rxd5 31. Qxa6 Rxd3 32. Qxb5 Rd4 33. e5 dxe5 34.
Rc2 e4 35. Rxc5 Rd2+ 36. Kg1 Red8 37. Qc4+ Qf7 38. Qxf7+ Kxf7 39. g4 Ke6 40.
Rc7 Rxa2 41. Rxh7 Rd3 42. b4 Rg3+ 43. Kh1 Rb2 44. Ra1 Ke5 45. gxf5 gxf5 46.
Ra5+ Kf4 47. Rh4+ Ke3 48. Rxf5 Rb1+ 49. Kh2 Rbg1 50. Rg4 R1g2+ 51. Kh1 Rg1+ 52.
Kh2 R1g2+ 53. Kh1 Rxg4 54. hxg4 Rxg4 55. b5 Rg6 56. Kh2 Ke2 57. Rc5 e3 58. Rc6
Rg5 59. b6 Rb5 60. Kg3 Kd2 61. Rd6+ Ke1 62. Kf3 e2 63. Re6 Rb3+ 64. Ke4 Kd2 65.
Kd5 Rxb6 66. Rxb6 e1=Q 67. Re6 Qg3 68. Re4 Qg5+ 69. Kd4 Qb5 70. Re5 Qb4+ 71.
Kd5 Kd3 72. Re6 Qb5+ 73. Kd6 Kd4 74. Ke7 Kd5 75. Rd6+ Kc5 76. Ke6 Qb3+ 77. Ke7
Qb7+ 78. Ke6 Qe4+ 0-1

[Event "Pyramiden Cup 2015"]
[Site "?"]
[Date "2015.09.04"]
[Round "3.9"]
[White "Beesk, Kevin"]
[Black "Schunk, Eduard"]
[Result "1/2-1/2"]
[ECO "B06"]
[WhiteElo "1921"]
[BlackElo "2319"]
[PlyCount "51"]
[EventDate "2015.??.??"]
[TimeControl "6000+905"]
[WhiteClock "0:43:20"]
[BlackClock "0:12:30"]

1. Nc3 g6 2. d4 Bg7 3. e4 d6 4. Be3 c6 5. Qd2 b5 6. f3 a6 7. g4 Nd7 8. h4 h6 9.
Nge2 e6 10. Ng3 d5 11. e5 c5 12. f4 cxd4 13. Bxd4 Ne7 14. O-O-O Nc6 15. Bf2 Bb7
16. Bd3 Qa5 17. Kb1 O-O-O 18. Rhe1 Bf8 19. Nce2 Bb4 20. c3 Be7 21. g5 hxg5 22.
hxg5 Rh2 23. Bg1 Rh3 24. Bf2 Rh2 25. Bg1 Rh3 26. Bf2 1/2-1/2

[Event "Pyramiden Cup 2015"]
[Site "?"]
[Date "2015.09.05"]
[Round "4.4"]
[White "Milov, Leonid"]
[Black "Fischer, Johannes"]
[Result "1-0"]
[ECO "B90"]
[WhiteElo "2471"]
[BlackElo "2269"]
[PlyCount "65"]
[EventDate "2015.??.??"]
[TimeControl "6000+930"]
[WhiteClock "0:16:54"]
[BlackClock "0:39:08"]

1. e4 c5 2. Nf3 d6 3. d4 cxd4 4. Nxd4 Nf6 5. Nc3 a6 6. Be3 e5 7. Nb3 Be6 8. h3
Nbd7 9. g4 Nb6 10. g5 Nfd7 11. Qd2 Be7 12. O-O-O Qc7 13. Kb1 Rc8 14. h4 Nc4 15.
Bxc4 Qxc4 16. f3 Qc7 17. Qf2 O-O 18. h5 f5 19. gxf6 Nxf6 20. Qg2 Kh8 21. Rh2
Rf7 22. Bg5 Ng8 23. Be3 Nf6 24. Qg1 Nd7 25. h6 g6 26. Bg5 Bxg5 27. Qxg5 Nb6 28.
Rhd2 Nc4 29. Rxd6 Nxd6 30. Qxe5+ Kg8 31. Rxd6 Bxb3 32. axb3 Rxf3 33. Rd8+ 1-0

[Event "Pyramiden Cup 2015"]
[Site "?"]
[Date "2015.09.05"]
[Round "4.5"]
[White "Kveinys, Aloyzas"]
[Black "Reis, Gerhard"]
[Result "1-0"]
[ECO "E63"]
[WhiteElo "2485"]
[BlackElo "2197"]
[PlyCount "73"]
[EventDate "2015.??.??"]
[TimeControl "6000+1160"]
[WhiteClock "0:26:45"]
[BlackClock "0:01:04"]

1. d4 Nf6 2. c4 g6 3. Nf3 Bg7 4. g3 O-O 5. Bg2 d6 6. O-O Nc6 7. Nc3 a6 8. Bf4
Bf5 9. Rc1 Ne4 10. Nd5 Nf6 11. Re1 Be4 12. Nc3 Bxf3 13. exf3 e5 14. dxe5 Nh5
15. Be3 dxe5 16. Qxd8 Nxd8 17. f4 Ne6 18. fxe5 Bxe5 19. Rcd1 Bg7 20. Na4 c6 21.
Bb6 Nf6 22. b3 Rfe8 23. f4 Bf8 24. Bh3 Bb4 25. Re5 Nf8 26. Nc5 Bc3 27. Rxe8
Rxe8 28. Nxb7 Re2 29. a4 Ne4 30. Bg2 f5 31. Nd6 Nd2 32. Bxc6 Kg7 33. Ne8+ Kf7
34. Nc7 Kg7 35. Bf2 Ne4 36. Bxe4 fxe4 37. Nd5 1-0

[Event "Pyramiden Cup 2015"]
[Site "?"]
[Date "2015.09.05"]
[Round "5.1"]
[White "Ikonnikov, Vyacheslav"]
[Black "Kunin, Vitaly"]
[Result "1/2-1/2"]
[ECO "D41"]
[WhiteElo "2518"]
[BlackElo "2563"]
[PlyCount "23"]
[EventDate "2015.??.??"]
[TimeControl "6000+100"]
[WhiteClock "1:31:19"]
[BlackClock "1:31:01"]

1. d4 Nf6 2. Nf3 e6 3. c4 d5 4. Nc3 c5 5. cxd5 Nxd5 6. e4 Nxc3 7. bxc3 cxd4 8.
cxd4 Bb4+ 9. Bd2 Bxd2+ 10. Qxd2 O-O 11. Be2 b6 12. O-O 1/2-1/2

[Event "Pyramiden Cup 2015"]
[Site "?"]
[Date "2015.09.05"]
[Round "5.2"]
[White "Krivoborodov, Egor"]
[Black "Milov, Leonid"]
[Result "1-0"]
[ECO "B01"]
[WhiteElo "2518"]
[BlackElo "2471"]
[PlyCount "109"]
[EventDate "2015.??.??"]
[TimeControl "6000+1190"]
[WhiteClock "0:18:04"]
[BlackClock "0:11:43"]

1. e4 d5 2. exd5 Qxd5 3. Nc3 Qa5 4. d4 Nf6 5. Nf3 Bf5 6. Bd2 Nbd7 7. b4 Qb6 8.
a4 c6 9. a5 Qc7 10. b5 e6 11. a6 Bb4 12. axb7 Qxb7 13. bxc6 Qxc6 14. Ne5 Qb7
15. Nb5 Bxd2+ 16. Qxd2 O-O 17. Nxd7 Qxd7 18. Be2 Rfd8 19. O-O a6 20. Nc3 Qxd4
21. Qxd4 Rxd4 22. Bxa6 Rad8 23. Ne2 Rd2 24. c3 g6 25. Rac1 R8d6 26. Bb5 Rb6 27.
Bc4 Rc6 28. Bb5 Rb6 29. Bc4 Rbb2 30. Rfe1 Ne4 31. Ra1 Nc5 32. Ra5 Bd3 33. Nf4
Bxc4 34. Rxc5 Ba6 35. Nh3 h6 36. Ra5 Bc4 37. Ra4 Bd5 38. Raa1 g5 39. Rad1 Rxd1
40. Rxd1 Rc2 41. f3 Rxc3 42. Nf2 Kg7 43. h3 Rc2 44. Rd4 f5 45. h4 Kf6 46. hxg5+
hxg5 47. Rd1 Bc4 48. Re1 Be2 49. Nh3 Rd2 50. Nf2 Kg6 51. Nh1 Bc4 52. Ng3 Rd4
53. Ne2 Rd2 54. Ng3 Bd5 55. Nf1 1-0

[Event "Pyramiden Cup 2015"]
[Site "?"]
[Date "2015.09.05"]
[Round "5.3"]
[White "Troyke, Christian"]
[Black "Kveinys, Aloyzas"]
[Result "0-1"]
[ECO "A06"]
[WhiteElo "2344"]
[BlackElo "2485"]
[PlyCount "46"]
[EventDate "2015.??.??"]
[TimeControl "6000+520"]
[WhiteClock "0:44:36"]
[BlackClock "0:57:27"]

1. g3 d5 2. Nf3 c6 3. Bg2 Bg4 4. c4 e6 5. cxd5 exd5 6. O-O Nd7 7. Nc3 Ngf6 8.
d3 Bc5 9. h3 Bh5 10. a3 O-O 11. e4 dxe4 12. dxe4 Re8 13. Qc2 Bxf3 14. Bxf3 Ne5
15. Be2 Bd4 16. Rd1 c5 17. Kg2 Ned7 18. Nb5 Qb6 19. f3 Rad8 20. Qa4 Ne5 21.
Qxa7 Qc6 22. Bg5 Nxf3 23. Bxf6 Rxe4 0-1

[Event "Pyramiden Cup 2015"]
[Site "?"]
[Date "2015.09.05"]
[Round "5.4"]
[White "Wenninger, Philipp"]
[Black "Mons, Leon"]
[Result "1/2-1/2"]
[ECO "A50"]
[WhiteElo "2249"]
[BlackElo "2464"]
[PlyCount "70"]
[EventDate "2015.??.??"]
[TimeControl "6000+1465"]
[WhiteClock "0:01:43"]
[BlackClock "0:39:58"]

1. d4 Nf6 2. c4 b6 3. g3 Bb7 4. Nf3 g6 5. Bg2 Bg7 6. O-O O-O 7. Nc3 Ne4 8. Bd2
d6 9. Nxe4 Bxe4 10. Bc3 c5 11. Rc1 Nd7 12. d5 Bxc3 13. Rxc3 b5 14. Nd2 Bxg2 15.
Kxg2 Nf6 16. e4 a6 17. Qe2 Qd7 18. b3 Rab8 19. Nf3 bxc4 20. bxc4 e5 21. Rb3
Rxb3 22. axb3 Qg4 23. Re1 Nh5 24. Kh1 a5 25. Nd2 Qxe2 26. Rxe2 a4 27. bxa4 Ra8
28. Kg2 Rxa4 29. f3 f5 30. Kf2 Nf6 31. h3 Nh5 32. exf5 gxf5 33. Nf1 f4 34. g4
Ng3 35. Rc2 Nxf1 1/2-1/2

[Event "Pyramiden Cup 2015"]
[Site "?"]
[Date "2015.09.05"]
[Round "5.5"]
[White "Fedorovsky, Michael"]
[Black "Schunk, Eduard"]
[Result "1-0"]
[ECO "E91"]
[WhiteElo "2451"]
[BlackElo "2319"]
[PlyCount "97"]
[EventDate "2015.??.??"]
[TimeControl "6000+1770"]
[WhiteClock "0:04:25"]
[BlackClock "0:00:30"]

1. d4 Nf6 2. c4 g6 3. Nc3 Bg7 4. e4 d6 5. Nf3 O-O 6. Be2 Nbd7 7. h3 e5 8. d5
Nc5 9. Qc2 Nh5 10. b4 Na6 11. Rb1 f5 12. exf5 Bxf5 13. Bd3 e4 14. Nxe4 Qd7 15.
Nfg5 h6 16. g4 Bxe4 17. Bxe4 hxg5 18. gxh5 Rae8 19. Kd1 Qf7 20. Be3 gxh5 21.
Rg1 Re5 22. Bg6 Qf3+ 23. Qe2 Qxh3 24. Qxh5 Qxh5+ 25. Bxh5 b5 26. Be2 bxc4 27.
Bxc4 Nb8 28. Bxa7 Nd7 29. Be3 Nf6 30. Rb2 Ne4 31. Rc2 Ref5 32. Rg2 Rb8 33. a3
Ra8 34. Bd3 Rxd5 35. Ke2 Nc3+ 36. Rxc3 Bxc3 37. Bc4 c6 38. Rxg5+ Kf8 39. Bxd5
cxd5 40. Rxd5 Rxa3 41. b5 Ke7 42. b6 Rb3 43. Kd3 Ke6 44. Kc4 Rb1 45. Rb5 d5+
46. Kc5 Rxb5+ 47. Kxb5 Be5 48. b7 Kd7 49. Ba7 1-0

[Event "Pyramiden Cup 2015"]
[Site "?"]
[Date "2015.09.05"]
[Round "5.6"]
[White "Colpe, Malte"]
[Black "Wagner, Florian"]
[Result "1-0"]
[ECO "A52"]
[WhiteElo "2367"]
[BlackElo "2145"]
[PlyCount "75"]
[EventDate "2015.??.??"]
[TimeControl "6000+860"]
[WhiteClock "0:26:37"]
[BlackClock "0:02:05"]

1. d4 Nf6 2. c4 e5 3. dxe5 Ng4 4. Bf4 Nc6 5. Nf3 Bb4+ 6. Nc3 Bxc3+ 7. bxc3 Qe7
8. Qd5 f6 9. exf6 Nxf6 10. Qd3 d6 11. g3 O-O 12. Bg2 Ne4 13. O-O Nc5 14. Qd2
Bf5 15. Nd4 Be4 16. f3 Bg6 17. Nxc6 bxc6 18. e4 Qe6 19. Qe2 Bf7 20. Be3 Na4 21.
c5 Nxc3 22. Qc2 Nxa2 23. cxd6 cxd6 24. Qxc6 a5 25. Rfd1 Qb3 26. Bd4 Rfd8 27.
Rab1 Nb4 28. Qb5 Qe6 29. Qg5 Bg6 30. Bb6 h6 31. Qd2 Rdc8 32. Bxa5 Rxa5 33. Rxb4
Ra2 34. Rb2 Rca8 35. Rxa2 Rxa2 36. Qxd6 Qxd6 37. Rxd6 Kh7 38. Rd1 1-0